 Dungeon Crawl Stone Soup version 0.29-a0-483-g69413ace17 (webtiles) character file.

Game seed: 12640597327773537958

69 xian the Slasher (level 4, -5/37 HPs)
             Began as a Minotaur Gladiator on May 26, 2022.
             Slain by an iguana (12 damage)
             ... on level 2 of the Dungeon.
             The game lasted 00:03:44 (1999 turns).

xian the Slasher (Minotaur Gladiator)               Turns: 1999, Time: 00:03:45

Health: -5/37      AC:  3    Str: 21    XL:     4   Next: 2%
Magic:  3/3        EV: 12    Int:  5    God:
Gold:   121        SH:  0    Dex: 11    Spells: 3/3 levels left

rFire   . . .      SeeInvis .   h - +2 dagger (elec)
rCold   . . .      Faith    .   (no shield)
rNeg    . . .      Spirit   .   b - +0 leather armour
rPois   .          Reflect  .   c - +0 hat
rElec   .          Harm     .   (no cloak)
rCorr   .          Rampage  .   (no gloves)
Will    .....                   (no boots)
Stlth   +.........              (no amulet)
HPRegen 0.12/turn               (no ring)
MPRegen 0.08/turn               (no ring)

@: no status effects
A: horns 2, retaliatory headbutt
a: no special abilities


You were on level 2 of the Dungeon.
You visited 1 branch of the dungeon, and saw 2 of its levels.

You collected 121 gold pieces.

Inventory:

Hand Weapons
 a - a +0 long sword
 h - a +2 dagger of electrocution (weapon)
Missiles
 d - 3 throwing nets
 e - 6 javelins
 i - 4 datura-tipped darts
 l - 6 poisoned darts (quivered)
Armour
 b - a +0 leather armour (worn)
 c - a +0 hat (worn)
Scrolls
 g - a scroll of torment {unknown}
 j - 2 scrolls of fear {unknown}
 k - 2 scrolls of enchant armour {unknown}
 n - 2 scrolls of identify {unknown}
Potions
 f - a potion of might {unknown}
 m - 2 potions of attraction {unknown}
 o - a potion of degeneration {unknown}


   Skills:
 + Level 2.7 Fighting
 + Level 1.3(2.7) Short Blades
 + Level 4.1(4.3) Long Blades
 + Level 2.1 Throwing
 + Level 1.7 Armour
 + Level 4.0 Dodging
 + Level 0.3 Stealth


You had 3 spell levels left.
You didn't know any spells.
Your spell library contained the following spells:

 Spells                   Type           Power      Damage    Failure   Level
 Slow                     Hex            0%         N/A       52%         1
 Confusing Touch          Hex            0%         N/A       88%         3
 Vampiric Draining        Necr           0%         2d6       88%         3


Dungeon Overview and Level Annotations

Branches:
Dungeon (2/15)

Altars:


Innate Abilities, Weirdness & Mutations

You have a pair of horns on your head.
You reflexively headbutt those who attack you in melee.


Message History

The adder closely misses you.
You barely miss the adder.
The adder is almost dead.
The adder bites you but does no damage.
You hit the adder.
You kill the adder!
Your base Short Blades skill increases to level 1!
You have reached level 4!
You feel stronger.
You see here an adder corpse.
An iguana comes into view.
The iguana hisses angrily.
You hit the iguana.
The iguana is lightly wounded.
The iguana misses you.
You barely miss the iguana.
The iguana is lightly wounded.
The iguana bites you!
You barely miss the iguana.
The iguana is lightly wounded.
The iguana bites you!
You hit the iguana.
The iguana is lightly wounded.
The iguana barely misses you.
You hit the iguana. Lightning courses through the iguana!
The iguana is severely wounded.
The iguana bites you.
You hit the iguana.
The iguana is severely wounded.
The iguana barely misses you. You furiously retaliate!
You headbutt the iguana. You barely miss the iguana.
You headbutt the iguana, but do no damage.
The iguana is almost dead.
The iguana bites you!
* * * LOW HITPOINT WARNING * * *
You barely miss the iguana.
You headbutt the iguana, but do no damage.
The iguana is almost dead.
The iguana bites you!
You die...

#########
#############@l......
#...........#.#########
##.########.#.#.......#
#####.# #.#.#.#####.#
#...#.# #.#.#.#####.#
#.#.#.#
####.#.........#
#.#.#.#
#....#.#†#######
#.#.#.# #.######.#
#.....# #........#


You could see an iguana.

Vanquished Creatures
  3 adders (D:2)
  A worm (D:2)
  3 ball pythons
  2 endoplasms
  2 giant cockroaches (D:2)
  4 goblins
  4 hobgoblins
  2 kobolds
  4 quokkas
  4 bats
  3 frilled lizards
  3 rats
  A spectral hobgoblin (D:1)
36 creatures vanquished.

Notes
Turn   | Place    | Note
-------+----------+-------------------------------------------
     0 | D:1      | xian the Minotaur Gladiator began the quest for the Orb.
     0 | D:1      | Reached XP level 1. HP: 18/18 MP: 0/0
   264 | D:1      | Reached XP level 2. HP: 22/25 MP: 1/1
   622 | D:1      | Found a faded altar of an unknown god.
  1082 | D:2      | Reached skill level 1 in Armour
  1196 | D:2      | Reached XP level 3. HP: 25/30 MP: 2/2
  1973 | D:2      | Reached skill level 1 in Short Blades
  1973 | D:2      | Reached XP level 4. HP: 36/37 MP: 3/3
  1999 | D:2      | Slain by an iguana

Illustrated notes

Levels and vault maps discovered:
D:1:      psy_arrival_dodecagon, layout_basic,
          dreamdust_ecumenical_altar_drowned_temple, serial_rivers,
          chequers_serial_rivers_micro_e, chequers_serial_rivers_room_a,
          chequers_serial_rivers_micro_d, chequers_serial_rivers_room_b,
          chequers_serial_rivers_large_a, chequers_serial_rivers_room_a
D:2:      layout_basic, serial_shops, shop

Skill      XL: |  1  2  3 |
---------------+----------+-----
Long Blades    | 4 |  4.1
Armour         | 1 |  1.7
Dodging        | 4 |  4.0
Short Blades   | 1 |  1.3
Fighting       | |  2.7
Throwing       | |  2.1
Stealth        | |  0.3

Action                   |  1- 3 |  4- 6 || total
-------------------------+-------+-------++-------
Melee: Dagger            |    78 |     8 ||    86
       Long sword        |     6 |       ||     6
       Headbutt          |    11 |     2 ||    13
       Punch             |     1 |       ||     1
Throw: Dart              |     3 |       ||     3
Armor: Leather armour    |    14 |       ||    14
Dodge: Dodged            |    47 |     3 ||    50

Table legend: (Time is in decaauts)
 A = Elapsed time spent in this place.
 B = Non-inter-level travel time spent in this place.
 C = Inter-level travel time spent in this place.
 D = Time resting spent in this place.
 E = Time spent auto-exploring this place.
 F = Levels seen in this place.
 G = Mean time per level.
                   A        B        C        D        E       F      G
               +--------+--------+--------+--------+--------+-----+--------+
         Total |   2024 |   1956 |     68 |    269 |   1208 |   2 | 1012.0 |
       Dungeon |   2024 |   1956 |     68 |    269 |   1208 |   2 | 1012.0 |
               +--------+--------+--------+--------+--------+-----+--------+

Top non-repeatable levels by time:
     D:1: 1013 daAuts
     D:2: 1010 daAuts
